Map: Newkirk Precinct TE (Void)

Players

Emil

  • Race: Zerg Zerg
  • League: Diamond
  • Spawn Location: 5:00

Flash - Winner!

  • Race: Terran Terran
  • League: Diamond
  • Spawn Location: 7:00

VOD

Have the link to the VOD?

Description

Time

  • Played on: Nov. 28, 2016, 10:48 a.m.
  • Length: 13:15
Show
View Real Time Build Order
Export as new Build Order

Emil Zerg 

Build Orders: Pool First 

Get SALT Encoding   

  12  0:05  Drone  
  13  0:14  Overlord  
  13  0:21  Drone  
  14  0:39  Drone x3  
  17  0:51  Spawning Pool  
  16  1:15  Hatchery, Drone  
  16  1:21  Drone  
  16  1:23  Drone  
  18  1:33  Drone  
  19  1:41  Queen  
  19  1:43  Extractor  
  20  1:48  Drone x2  
  22  1:57  Extractor  
  22  2:00  Zergling x2  
  22  2:12  Extractor  
  22  2:14  Overlord  
  22  2:28  Drone x2  
  24  2:34  Queen x2  
  28  2:46  Drone x3  
  31  2:54  Drone x4  
  35  3:08  Drone  
  36  3:13  Overlord  
  36  3:14  Overlord  
  36  3:22  Roach Warren  
  36  3:37  Drone  
  36  3:38  Drone x4  
  36  3:40  Queen  
  43  3:44  Pneumatized Carapace  
  41  3:57  Drone  
  41  4:02  Drone x4  
  46  4:03  Roach x3  
  52  4:20  Overlord  
  52  4:22  Lair, Extractor  
  51  4:29  Spore Crawler, Zergling x2, Overlord  
  51  4:30  Overlord x2  
  51  4:44  Drone  
  51  4:45  Drone x4  
  56  4:51  Evolution Chamber x2  
  56  4:52  Hatchery, Extractor  
  52  4:56  Drone x2  
  52  5:14  Extractor  
  49  5:15  Baneling Nest  
  49  5:18  Zerg Melee Weapons Level 1, Spore Crawler  
  47  5:32  Drone x4  
  47  5:33  Drone x3  
  54  5:45  Drone x2  
  54  5:46  Drone x4  
  60  5:52  Zerg Ground Armor Level 1  
  53  6:26  Drone x11  
  68  6:32  Roach  
  68  6:33  Roach x2  
  65  6:46  Spore Crawler, Drone x4  
  66  6:55  Roach  
  66  6:56  Roach  
  66  7:00  Queen x2  
  74  7:07  Centrifical Hooks  
  74  7:10  Drone x3  
  74  7:11  Drone x5  
  82  7:23  Drone x2  
  82  7:24  Ravager, Drone  
  82  7:25  Zerg Melee Weapons Level 2  
  86  7:31  Infestation Pit  
  86  7:36  Overlord  
  86  7:37  Overlord x3  
  85  7:43  Metabolic Boost  
  85  7:48  Roach x2  
  85  7:50  Extractor  
  88  7:51  Overlord x2  
  88  7:52  Extractor  
  88  7:53  Hatchery  
  86  8:19  Roach  
  88  8:20  Roach x9  
  90  8:43  Pathogen Glands  
  90  8:49  Zergling x22  
  101  8:59  Overlord x3  
  101  9:04  Hive  
  101  9:09  Spine Crawler  
  100  9:16  Drone  
  100  9:17  Drone x2  
  102  9:18  Drone x7  
  110  9:24  Baneling x2  
  110  9:25  Baneling x3  
  110  9:29  Overlord x2  
  110  9:33  Drone  
  110  9:34  Drone x4  
  97  10:07  Zergling x2  
  97  10:08  Zergling x16  
  106  10:20  Ultralisk Cavern  
  105  10:25  Queen x2  
  109  10:31  Queen  
  111  10:37  Ravager x5  
  115  10:43  Hatchery  
  106  11:01  Queen  
  108  11:10  Spore Crawler, Queen x2  
  109  11:16  Chitinous Plating  
  109  11:30  Spore Crawler  
  108  11:35  Spine Crawler  
  108  11:37  Queen  
  108  11:39  Ultralisk  
  115  11:40  Ultralisk x2  
  115  11:41  Ultralisk  
  118  11:59  Ultralisk  
  118  12:01  Zergling x4  
  118  12:27  Spire  
  117  12:31  Drone  
  117  12:32  Drone x5  
  123  12:44  Drone x6  
Show
View Real Time Build Order
Export as new Build Order

Flash Terran - Winner!

Build Orders: Liberator Opening, Reaper Expand, MMM Bio 

Get SALT Encoding   

  12  0:00  SCV  
  13  0:13  SCV  
  14  0:18  Supply Depot  
  14  0:25  SCV  
  15  0:30  Refinery  
  15  0:40  SCV  
  16  0:46  Barracks  
  16  0:54  SCV  
  17  1:06  SCV  
  18  1:18  SCV  
  19  1:32  Orbital Command  
  19  1:35  Reaper  
  20  1:53  Command Center  
  20  1:59  SCV  
  21  2:05  Factory  
  21  2:12  SCV  
  22  2:17  Barracks Reactor  
  22  2:20  Supply Depot  
  22  2:24  SCV  
  23  2:35  Refinery  
  23  2:41  SCV  
  24  2:53  SCV  
  24  2:54  Starport  
  25  3:02  Barracks Tech Lab  
  25  3:04  Hellion x2  
  28  3:10  Orbital Command  
  28  3:18  SCV  
  29  3:20  Orbital Command  
  29  3:26  Hellion x2  
  32  3:30  SCV  
  33  3:35  Liberator  
  33  3:36  Marine  
  33  3:38  Stimpack  
  34  3:47  SCV  
  35  3:50  SCV  
  39  3:59  SCV  
  39  4:02  SCV  
  41  4:03  Supply Depot  
  41  4:10  Barracks  
  41  4:11  SCV  
  41  4:13  Marine  
  43  4:19  Factory Tech Lab  
  43  4:20  SCV  
  43  4:23  Barracks, SCV  
  45  4:29  Supply Depot  
  45  4:33  SCV  
  45  4:35  SCV  
  45  4:40  Siege Tank  
  45  4:42  Medivac  
  45  4:45  SCV  
  51  4:48  SCV  
  51  4:51  Marauder  
  54  4:54  Bunker  
  54  4:57  SCV  
  55  5:00  Supply Depot, SCV  
  56  5:08  Marine x2  
  56  5:12  Siege Tank  
  61  5:15  SCV  
  62  5:22  SCV  
  62  5:24  Starport Reactor, Marauder  
  62  5:25  Supply Depot  
  65  5:34  SCV x2  
  65  5:35  Barracks Reactor  
  67  5:37  Marine x2  
  67  5:42  Refinery  
  69  5:43  Refinery  
  69  5:46  Command Center, SCV x2  
  69  5:47  Supply Depot  
  71  5:51  Marauder  
  71  5:53  Combat Shields  
  73  6:00  Marine x2  
  76  6:04  SCV x2  
  77  6:12  Marine  
  77  6:16  SCV  
  78  6:20  Marine x4  
  78  6:21  Medivac x2  
  78  6:24  SCV  
  84  6:25  Supply Depot  
  84  6:27  Supply Depot  
  84  6:28  SCV  
  84  6:30  Marine  
  86  6:45  Marine  
  85  6:48  SCV x2  
  85  6:49  Marine x4  
  91  6:54  Supply Depot  
  91  6:58  Engineering Bay, Orbital Command  
  91  7:00  Engineering Bay, SCV x2  
  93  7:08  Marauder  
  95  7:18  SCV  
  95  7:19  Marine x4, SCV  
  95  7:21  Medivac x2, Siege Tank  
  108  7:24  Orbital Command  
  108  7:29  Marine  
  109  7:31  Terran Infantry Weapons Level 1  
  109  7:32  Terran Infantry Armor Level 1  
  109  7:39  Marine x2  
  109  7:40  Marine x2  
  109  7:43  Missile Turret  
  113  7:45  Refinery  
  113  7:46  Barracks  
  113  7:48  Barracks  
  113  7:49  Missile Turret  
  113  7:50  Refinery  
  113  7:51  Marine  
  113  7:57  Marine x3  
  113  7:58  SCV x2  
  119  8:00  Supply Depot  
  119  8:02  Armory  
  119  8:16  Marine x4  
  119  8:17  Marauder  
  104  8:34  Marine x3  
  104  8:35  Medivac x2  
  104  8:38  SCV x2  
  104  8:39  Marauder  
  104  8:40  SCV  
  113  8:44  Marine  
  113  8:46  Barracks Tech Lab x2  
  114  8:49  Siege Tank, Supply Depot  
  114  8:50  Concussive Shells, Supply Depot, SCV x2  
  114  8:52  SCV, Marine  
  121  9:01  Liberator  
  121  9:11  Command Center  
  121  9:15  Marine x3  
  121  9:16  Marauder x3, Marine  
  131  9:23  SCV x2  
  136  9:28  Supply Depot x2  
  136  9:32  Marine, Terran Infantry Weapons Level 2  
  136  9:33  Terran Infantry Armor Level 2, Marine x2  
  136  9:37  Marauder x2  
  143  9:42  Marine x2  
  138  9:58  Marauder  
  127  10:02  SCV x2  
  127  10:03  SCV  
  123  10:12  Marine  
  123  10:13  Marauder x2, Marine  
  123  10:14  Medivac x2, SCV, Marine x2  
  132  10:20  Marauder  
  137  10:24  SCV  
  137  10:25  SCV  
  137  10:26  Liberator, SCV  
  137  10:27  Liberator  
  140  10:28  Siege Tank  
  140  10:30  Marine x2  
  140  10:32  Barracks  
  140  10:33  Barracks  
  140  10:34  Barracks  
  145  10:36  SCV  
  146  10:44  Marine x3  
  146  10:47  Marine x2  
  146  10:48  Marine  
  158  10:55  SCV x3  
  158  10:57  Terran Vehicle Weapons Level 1  
  161  11:00  Siege Tank  
  161  11:02  Marauder  
  166  11:06  Marauder  
  166  11:10  Marine x3  
  166  11:11  Marauder, Marine  
  172  11:13  SCV x2  
  172  11:14  SCV  
  172  11:18  Planetary Fortress  
  177  11:21  Refinery  
  177  11:24  Marauder  
  177  11:25  SCV  
  177  11:34  Liberator  
  177  11:36  Liberator  
  177  11:37  SCV  
  178  11:44  Marine x2  
  178  11:46  Marine, Barracks Tech Lab  
  179  11:47  Barracks Reactor  
  179  11:48  Marauder, Marine  
  179  11:49  Marine  
  179  11:50  Marauder x2  
  168  12:02  Marine x2  
  167  12:10  Marauder  
  167  12:11  Marauder  
  171  12:16  Supply Depot, Barracks Tech Lab  
  171  12:18  Factory  
  171  12:19  Marine x2  
  171  12:20  Marauder x2  
  177  12:25  Marine x3  
  180  12:37  Marauder, SCV x3  
  180  12:38  Supply Depot  
  180  12:39  Supply Depot  
  180  12:40  Marine  
  180  12:41  Marine x2  
  180  12:43  Marauder x2  
  192  12:52  Marine  
  192  12:53  Marine x2  
Tags
 
Add a new tag
Caveats
  • Supply blocks, unpowered buildings, or Contaminate may cause inaccurate times.
  • Supply counts are checked every 10 seconds.